 Dungeon Crawl Stone Soup version 0.17.0 (webtiles) character file.

400 Eucla the Sneak (level 6, -1/36 HPs)
             Began as an Octopode Summoner on Nov 19, 2015.
             Killed by nerve-wracking pain
             ... invoked by an orc priest
              (13 damage)
             ... on level 3 of the Dungeon.
             The game lasted 00:05:51 (2914 turns).

Eucla the Sneak (Octopode Summoner)                 Turns: 2914, Time: 00:05:51

Health: -1/36      AC:  1    Str:  7    XL:     6   Next: 84%
Magic:  2/9        EV: 12    Int: 18    God:
Gold:   93         SH:  0    Dex: 14    Spells: 3 memorised, 3 levels left

rFire  . . .     SeeInvis .     l - +0 dagger
rCold  . . .     Clarity  .     (no shield)
rNeg   . . .     SustAt   .     (helmet restricted)
rPois  .         Gourm    .     (no amulet)
rElec  .         Spirit   .     i - ring of stealth
rCorr  .         Warding  .     j - ring of invisibility
rMut   .         Stasis   .     (no ring)
MR     .....                    (no ring)
Stlth  +++++.....               (no ring)
                                (no ring)
                                (no ring)
                                (no ring)

@: not resistant to hostile enchantments, quite stealthy
A: almost no armour, amphibious, 8 rings, constrict 8, camouflage 1, gelatinous
body 1
a: Evoke Invisibility


You were on level 3 of the Dungeon.
You were hungry.

You visited 1 branch of the dungeon, and saw 3 of its levels.

You collected 93 gold pieces.

Inventory:

Hand Weapons
 l - a +0 dagger (weapon)
Missiles
 d - 14 poisoned needles
 e - a throwing net (quivered)
Jewellery
 i - a ring of stealth (left tentacle)
 j - a ring of invisibility (right tentacle)
 n - an uncursed amulet of resist corrosion {unknown}
 o - an uncursed ring of fire
Scrolls
 f - 2 scrolls of remove curse {unknown}
 h - 4 scrolls of identify {unknown}
 k - a scroll of teleportation {unknown}
 m - a scroll of random uselessness {unknown}
 q - a scroll of magic mapping {unknown}
Potions
 p - a potion of ambrosia {unknown}
 r - a potion of flight {unknown}
Books
 a - a book of Callings

   Spells                             Type                      Level
   a - Summon Small Mammal            Summoning                    1
   b - Call Imp                       Summoning                    2
   c - Call Canine Familiar           Summoning                    3
   d - Summon Guardian Golem          Hexes/Summoning              3
   e - Summon Lightning Spire         Summoning/Air                4
   f - Summon Ice Beast               Ice/Summoning                4
Comestibles
 b - 2 bread rations


   Skills:
 + Level 3.2 Short Blades
 - Level 2.0 Dodging
 + Level 5.4 Stealth
 - Level 2.7 Unarmed Combat
 - Level 2.0 Spellcasting
 - Level 4.0 Summonings
 + Level 3.7 Evocations


You had 3 spell levels left.
You knew the following spells:

 Your Spells              Type           Power        Failure   Level  Hunger
a - Summon Small Mammal   Summ           ###.         3%          1    #......
b - Call Imp              Summ           ###.....     6%          2    ###....
c - Call Canine Familiar  Summ           ###.....     12%         3    ###....


Dungeon Overview and Level Annotations

Branches:
Dungeon (3/15)

Altars:

Annotations:
D:3 Terence


Innate Abilities, Weirdness & Mutations

You cannot wear most types of armour.
You are amphibious.
You can wear up to eight rings at the same time.
You can use your tentacles to constrict eight enemies at once.
Your skin changes colour to match your surroundings (Stealth).
Your rubbery body absorbs attacks (AC +1).


Message History

Your shadow imp barely misses Terence.
Unknown command.
Your hound barely misses Terence.
Your hound bites Terence but does no damage.
Your shadow imp barely misses Terence.
Terence misses your hound.
Unknown command.
You hit the orc priest but do no damage.
Your grab misses the orc priest.
Your hound bites Terence but does no damage.
The orc priest barely misses you.
Your shadow imp hits Terence but does no damage.
Unknown command.
You closely miss the orc priest. You grab the orc priest.
You constrict the orc priest, but do no damage.
Your hound bites Terence.
Terence shouts at your shadow imp, "ATTACK!!!"
Terence completely misses your shadow imp.
The orc priest invokes the aid of Beogh against you.
Pain shoots through your body!
You die...

#....... #.......
#....... #.......
#....... #.......
####.#############.......
+......o@................
####..##5#########.......
## #@# #..##### #h# #..#
#5####### #..# #5......#
#..##### #.......#
#.......
#.†.....###.######
#...........######


You could see Terence, an orc priest, a friendly hound, a friendly iron imp, a
friendly white imp and a friendly shadow imp.

Vanquished Creatures
  Sigmund (D:3)
  Jessica (D:3)
  5 adders (D:2)
  3 gnolls (D:2)
  A worm (D:2)
  2 giant geckos (D:2)
  4 bats
  3 giant cockroaches
  6 goblins
  6 hobgoblins
  2 quokkas
  2 giant newts (D:1)
  4 kobolds
  5 rats
45 creatures vanquished.

Vanquished Creatures (collateral kills)
  The ghost of KINGKRU the Sneak, an amateur KoWn (D:3)
  A gnoll (D:1)
  A giant cockroach (D:3)
3 creatures vanquished.

Grand Total: 48 creatures vanquished

Notes
Turn   | Place    | Note
--------------------------------------------------------------
     0 | D:1      | Eucla the Octopode Summoner began the quest for the Orb.
     0 | D:1      | Reached XP level 1. HP: 11/11 MP: 3/3
    36 | D:1      | Reached skill level 1 in Unarmed Combat
    71 | D:1      | Reached XP level 2. HP: 9/17 MP: 5/5
   232 | D:1      | Learned a level 2 spell: Call Imp
  1065 | D:2      | Reached XP level 3. HP: 21/21 MP: 6/6
  1374 | D:2      | Learned a level 3 spell: Call Canine Familiar
  1501 | D:2      | Reached skill level 1 in Evocations
  1669 | D:2      | Reached skill level 1 in Short Blades
  1669 | D:2      | Reached XP level 4. HP: 21/27 MP: 7/7
  2388 | D:2      | Reached XP level 5. HP: 24/31 MP: 8/8
  2568 | D:3      | Noticed Sigmund
  2568 | D:3      | Noticed KINGKRU's ghost (amateur KoWn)
  2658 | D:3      | Killed KINGKRU's ghost
  2760 | D:3      | Killed Sigmund
  2760 | D:3      | Reached skill level 5 in Stealth
  2760 | D:3      | Reached XP level 6. HP: 24/36 MP: 7/9
  2881 | D:3      | Noticed Jessica
  2887 | D:3      | Noticed Terence
  2890 | D:3      | Killed Jessica
  2914 | D:3      | Killed from afar by an orc priest

Action                   |  1- 3 |  4- 6 || total
-------------------------+-------+-------++-------
Melee: Unarmed           |    53 |       ||    53
       Dagger            |    13 |    84 ||    97
 Cast: Call Imp          |     2 |     4 ||     6
       Call Canine Famil |       |     4 ||     4
 Abil: Evoke Invisibilit |       |     3 ||     3
  Use: Potion            |     1 |       ||     1
 Stab: Sleeping          |     8 |     4 ||    12
       Invisible         |       |     4 ||     4
  Eat: Chunk             |     2 |     4 ||     6
       Beef jerky        |       |     1 ||     1
